 Dungeon Crawl Stone Soup version 0.29.1-15-g9cfb28693d (webtiles) character file.

Game seed: 4696066755195626634

17 nonceun the Chopper (level 2, -3/26 HPs)
             Began as a Minotaur Berserker on Mar 4, 2023.
             Was a Follower of Trog.
             Slain by a goblin
             ... wielding a +2 dagger of venom
              (4 damage)
             ... on level 2 of the Dungeon.
             The game lasted 00:01:59 (918 turns).

nonceun the Chopper (Minotaur Berserker)             Turns: 918, Time: 00:01:59

Health: -3/26      AC:  2    Str: 21    XL:     2   Next: 44%
Magic:  1/1        EV: 12    Int:  4    God:    Trog [*.....]
Gold:   96         SH:  0    Dex:  9    Spells: 1/1 levels left

rFire   . . .      SeeInvis .   a - +0 hand axe
rCold   . . .      Faith    .   (no shield)
rNeg    . . .      Spirit   .   b - +0 animal skin
rPois   .          Reflect  .   (helmet restricted)
rElec   .          Harm     .   (no cloak)
rCorr   .          Rampage  .   (no gloves)
Will    .....                   (no boots)
Stlth   +.........              (no amulet)
HPRegen 0.08/turn               (no ring)
MPRegen 0.07/turn               (no ring)

@: confused, lethally poisoned (-3 -> -14)
A: horns 2, retaliatory headbutt
a: Renounce Religion, Berserk


You were on level 2 of the Dungeon.
You worshipped Trog.
Trog was aware of your devotion.
You visited 1 branch of the dungeon, and saw 2 of its levels.

You collected 96 gold pieces.

Inventory:

Hand Weapons
 a - a +0 hand axe (weapon)
Missiles
 c - 9 stones (quivered)
Armour
 b - a +0 animal skin (worn)
Jewellery
 g - a ring of magical power
Scrolls
 d - 3 scrolls of identify {unknown}
Potions
 e - 2 potions of flight {unknown}
 f - a potion of attraction {unknown}
 h - a potion of ambrosia {unknown}


   Skills:
 - Level 3.6 Fighting
 + Level 4.7 Axes
 - Level 2.4 Armour
 - Level 2.1 Dodging


You had one spell level left.
You didn't know any spells.
Your spell library was empty.

Dungeon Overview and Level Annotations

Branches:
Dungeon (2/15)

Altars:

Annotations:
D:2 !sigmund, Sigmund


Innate Abilities, Weirdness & Mutations

You have a pair of horns on your head.
You reflexively headbutt those who attack you in melee.


Message History

The quokka barely misses you.
The quokka bites you but does no damage.
You closely miss the quokka.
The quokka is severely wounded.
The quokka bites you.
You hit the quokka.
You kill the quokka!
Trog accepts your kill.
You start resting.
HP restored.
e - 2 bubbling grey potions (gained 1)
Found a stone staircase leading up and a stone staircase leading down.
Found a stone staircase leading down.
You now have 96 gold pieces (gained 10).
Sigmund the Dreaded comes into view.
He is wielding a +0 scythe.
Annotate which branch? (. - D:2, ? - help, ! - show branch list) New annotation for D:2 (include '!' for warning): !sigmund Sigmund casts a spell at you.
You are confused.
A goblin comes into view. It is wielding a +2 dagger of venom.
The goblin shouts!
The goblin completely misses you.
The goblin hits you with a +2 dagger of venom.
You are poisoned.
Sigmund points at you and mumbles some strange words.
The puff of flame hits you!
You're too confused to move!
* * * LOW HITPOINT WARNING * * *
You feel very sick.
The goblin hits you with a +2 dagger of venom.
* * * LOW HITPOINT WARNING * * *
You are more poisoned.
Okay, then.
* * * LOW HITPOINT WARNING * * *
You feel very sick.
You bump into the rock wall.
* * * LOW HITPOINT WARNING * * *
You feel very sick.
The goblin hits you with a +2 dagger of venom.
You die...

##.#............#
.......########.#
.....#.# #.#
##.###.# ##.####.###
##.# #.# #..........
##.# #.# #..##......
##.###.# #..# #.##.
.......#######..##<#
#
<..###..........@..#
##.# ######.g####.##
##.# #.........>...
... #.###@##>#####
.##..##.###.# .#
##># .........# #
..# .#.#.##..# ..##
...........# ....
....##.........


You could see Sigmund and a goblin.

Vanquished Creatures
  A bat (D:1)
  3 endoplasms (D:1)
  A giant cockroach (D:1)
  3 goblins (D:1)
  2 hobgoblins (D:1)
  A quokka (D:2)
  2 ball pythons (D:1)
  A rat (D:1)
14 creatures vanquished.

Notes
Turn   | Place    | Note
-------+----------+-------------------------------------------
     0 | D:1      | nonceun the Minotaur Berserker began the quest for the Orb.
     0 | D:1      | Reached XP level 1. HP: 19/19 MP: 0/0
   124 | D:1      | Reached skill level 4 in Axes
   181 | D:1      | Reached XP level 2. HP: 25/26 MP: 1/1
   910 | D:2      | Noticed Sigmund
   918 | D:2      | HP: 1/26 [poisoned by a goblin]
   918 | D:2      | Slain by a goblin

Illustrated notes

Levels and vault maps discovered:
D:1:      dpeg_arrival_leaves_temple_mockup, layout_loops_ring
D:2:      layout_loops_ring, serial_undead, serial_undead_b, serial_undead_b,
          serial_undead_e, serial_undead_c, chequers_serial_rivers_large_b,
          uniq_sigmund

Skill      XL: |  1 |
---------------+----+-----
Axes           | 4 |  4.7
Fighting       | |  3.6
Armour         | |  2.4
Dodging        | |  2.1

Action                   || total
-------------------------++-------
Melee: Hand axe          ||    30
       Headbutt          ||     5
Armor: Animal skin       ||     4
Dodge: Dodged            ||    12
